 Dungeon Crawl Stone Soup version 0.29-a0-334-gb41bcbb86e (webtiles) character file.

Game seed: 5135362441016975341

44 spaghetti the Ogre Mage (level 3, -29/31 HPs)
             Began as an Ogre Fire Elementalist on Apr 15, 2022.
             Killed by an exploding hobgoblin (51 damage)
             ... ignited by their inner flame
             ... on level 2 of the Dungeon.
             The game lasted 00:03:22 (1715 turns).

spaghetti the Ogre Mage (Ogre Fire Elementalist)    Turns: 1715, Time: 00:03:23

Health: -29/31     AC:  3    Str: 12    XL:     3   Next: 62%
Magic:  7/8        EV:  9    Int: 18    God:
Gold:   105        SH:  0    Dex:  9    Spells: 5/9 levels left

rFire   . . .      SeeInvis .   s - +2 hunting sling (flame) {sling}
rCold   . . .      Faith    .   (no shield)
rNeg    . . .      Spirit   .   a - +0 robe
rPois   .          Reflect  .   (helmet restricted)
rElec   .          Harm     .   (no cloak)
rCorr   .          Rampage  .   (gloves unavailable)
Will    .....                   (boots unavailable)
Stlth   +.........              (no amulet)
HPRegen 0.10/turn               e - ring of wizardry
MPRegen 0.11/turn               (no ring)

@: no status effects
A: large, unfitting armour, tough skin 1
a: no special abilities


You were on level 2 of the Dungeon.
You visited 1 branch of the dungeon, and saw 2 of its levels.

You collected 105 gold pieces.


Innate Abilities, Weirdness & Mutations

You are too large for most types of armour.
You have tough skin. (AC +1)


   Skills:
 - Level 1.7 Dodging
 - Level 1.4 Stealth
 + Level 3.6 Spellcasting
 - Level 0.8 Conjurations
 + Level 0.2 Hexes
 + Level 1.0 Transmutations
 - Level 2.6 Fire Magic
 + Level 1.0 Earth Magic


You had 5 spell levels left.
You knew the following spells:

 Your Spells              Type           Power      Damage    Failure   Level
a - Foxfire               Conj/Fire      36%        2x1d5     3%          1
b - Inner Flame           Hex/Fire       8%         N/A       11%         3

Your spell library contained the following spells:

 Spells                   Type           Power      Damage    Failure   Level
 Scorch                   Fire           24%        2d6       3%          2
 Conjure Flame            Conj/Fire      9%         6-21      9%          3
 Flame Wave               Conj/Fire      9%         2d5       28%         4
 Petrify                  Tmut/Erth      7%         N/A       36%         4
 Metabolic Englaciation   Hex/Ice        1%         N/A       82%         5
 Statue Form              Tmut/Erth      4%         N/A       99%         6

Inventory:

Hand Weapons
 d - a +0 dagger {short}
   (You took it off a goblin on level 1 of the Dungeon)
 f - a +0 club {mace}
   (You found it on level 1 of the Dungeon)
 k - a +0 club {mace}
   (You took it off a goblin on level 1 of the Dungeon)
 m - a +0 dagger {short}
   (You found it on level 1 of the Dungeon)
 p - a +0 mace {mace}
   (You found it on level 2 of the Dungeon)
 r - a +0 whip {mace}
   (You found it on level 2 of the Dungeon)
 s - a +2 hunting sling of flaming (weapon) {sling}
   (You found it on level 2 of the Dungeon)
Missiles
 g - 23 stones {throwing}
 n - 4 poisoned darts {throwing}
 o - 3 javelins {throwing}
Armour
 a - a +0 robe (worn)
Jewellery
 e - a ring of wizardry (left hand)
   (You found it on level 1 of the Dungeon)
Scrolls
 i - 3 scrolls of identify {unknown}
 l - a scroll of fear {unknown}
 t - a scroll of vulnerability {unknown}
Potions
 b - a potion of magic
 c - 2 potions of heal wounds {unknown}
 h - a potion of invisibility {unknown}
 j - a potion of curing {unknown}
 q - a potion of brilliance {unknown}
 u - a potion of cancellation {unknown}

Dungeon Overview and Level Annotations

Branches:
Dungeon (2/15)

Altars:

#####.#######.##.#
#.............##.#
#.###.#######..โ€
.. #.# #.# #.##.#
#.# #.# #.##.# #.#
#.# #.#..# #.# #.#
#.#.## #ยง# #..
#!.. #@# ### #...
#.# #... #.# #..
###


There were no monsters in sight!


Message History

The sling bullet closely misses the ball python.
The ball python hisses angrily.
The hobgoblin shouts!
Fire: s) +2 hunting sling (flame) {sling}
Press: ? - help, Q - select action, (/) - cycle Shift-Dir - straight line, f/p - ball python
Aim: a ball python (47% to hit)
You shoot a sling bullet.
The sling bullet closely misses the ball python.
Fire: s) +2 hunting sling (flame) {sling}
Press: ? - help, Q - select action, (/) - cycle Shift-Dir - straight line, f/p - ball python
Aim: a ball python (47% to hit)
You shoot a sling bullet.
The sling bullet closely misses the ball python.
The ball python closely misses you. The ball python bites you. ๐Ÿ˜• HP[-2]
You take 2 damage, and now have 29/31 hp.
Casting: Foxfire (safe; 3% risk of failure)
Confirm with . or Enter, or press ? or * to list all spells.
The spell is quite dangerous to miscast (11% risk of failure)!
Continue anyway?
Aiming: Inner Flame (quite dangerous; 11% risk of failure)
Press: ? - help, Dir - move target, f - hobgoblin, p - ball python
Aim: a hobgoblin (chance to affect: 72%)
The hobgoblin is filled with an inner flame.
The ball python bites you. ๐Ÿ˜• HP[-3] MP[-3]
You take 3 damage, and now have 26/31 hp.
You lost 3 mp, and now have 5/8 mp.
Unknown command.
The ball python closely misses you.
The ball python barely misses you. ๐Ÿ˜• HP[+1] Fire: s) +2 hunting sling (flame) {sling}
Press: ? - help, Q - select action, (/) - cycle Shift-Dir - straight line, f/p - hobgoblin
Aim: a hobgoblin (inner flame, 52% to hit)
You shoot a sling bullet.
The sling bullet closely misses the ball python.
The sling bullet closely misses the hobgoblin.
The ball python completely misses you. The ball python barely misses you.
Fire: s) +2 hunting sling (flame) {sling}
Press: ? - help, Q - select action, (/) - cycle Shift-Dir - straight line, f/p - hobgoblin
Aim: a hobgoblin (inner flame, 52% to hit)
You shoot a sling bullet.
The sling bullet closely misses the ball python.
The sling bullet closely misses the hobgoblin.
The ball python bites you but does no damage.
Fire: s) +2 hunting sling (flame) {sling}
Press: ? - help, Q - select action, (/) - cycle Shift-Dir - straight line, f/p - hobgoblin
Aim: a hobgoblin (inner flame, 52% to hit)
You shoot a sling bullet. The sling bullet hits the ball python.
The sling bullet burns the ball python.
You kill the ball python!
The hobgoblin hits you. ๐Ÿ˜• HP[-2]
You take 2 damage, and now have 25/31 hp.
The hobgoblin attacks as you move away!
The hobgoblin hits you but does no damage. ๐Ÿ˜• MP[+1]
The hobgoblin attacks as you move away!
The hobgoblin hits you but does no damage.
The hobgoblin attacks as you move away!
The hobgoblin closely misses you. ๐Ÿ˜• HP[+1]
The hobgoblin attacks as you move away! The hobgoblin closely misses you.
The hobgoblin attacks as you move away! The hobgoblin hits you. ๐Ÿ˜• HP[-1]
You take 1 damage, and now have 25/31 hp.
The hobgoblin attacks as you move away! The hobgoblin hits you. ๐Ÿ˜• HP[-1]
You take 1 damage, and now have 24/31 hp.
The hobgoblin attacks as you move away!
The hobgoblin hits you. ๐Ÿ˜ฎ HP[-1] MP[+1]
You take 1 damage, and now have 23/31 hp.
The hobgoblin attacks as you move away!
The hobgoblin hits you but does no damage. ๐Ÿ˜• HP[+1]
Casting: Inner Flame (quite dangerous; 11% risk of failure)
Confirm with . or Enter, or press ? or * to list all spells.
You conjure some foxfire!
The hobgoblin hits you but does no damage. ๐Ÿ˜• MP[-1]
You lost 1 mp, and now have 6/8 mp.
The hobgoblin attacks as you move away!
The hobgoblin hits you. ๐Ÿ˜ฎ HP[-2] MP[+1]
You take 2 damage, and now have 22/31 hp.
Casting: Foxfire (safe; 3% risk of failure)
Confirm with . or Enter, or press ? or * to list all spells.
You can't see any susceptible monsters within range! (Use Z to cast anyway.) Fire: s) +2 hunting sling (flame) {sling}
Press: ? - help, Q - select action, (/) - cycle Shift-Dir - straight line, f/p - hobgoblin
Aim: a hobgoblin (inner flame, 52% to hit)
You shoot a sling bullet.
The sling bullet barely misses the hobgoblin.
The hobgoblin completely misses you.
Fire: s) +2 hunting sling (flame) {sling}
Press: ? - help, Q - select action, (/) - cycle Shift-Dir - straight line, f/p - hobgoblin
Aim: a hobgoblin (inner flame, 52% to hit)
You shoot a sling bullet. The sling bullet hits the hobgoblin!
The sling bullet burns the hobgoblin.
The hobgoblin explodes!
The fiery explosion engulfs you!!!
Ouch! That really hurt!
You die...

Skill      XL: |  1  2  3 |
---------------+----------+-----
Spellcasting   | 3 |  3.6
Transmutations | 1 |  1.0
Earth Magic    | 1 |  1.0
Dodging        | |  1.7
Stealth        | |  1.4
Conjurations   | |  0.8
Hexes          | |  0.2
Fire Magic     | |  2.6

Action                   || total
-------------------------++-------
Melee: Unarmed           ||     3
 Fire: Hunting sling     ||    19
 Cast: Foxfire           ||    68
       Inner Flame       ||     5
Armor: Robe              ||    14
Dodge: Dodged            ||    27

Levels and vault maps discovered:
D:1:      dpeg_arrival_tiny_h, layout_rooms,
          hellmonk_ecumenical_altar_inner_sanctum
D:2:      layout_loops_ring, uniq_natasha

Notes
Turn   | Place    | Note
-------+----------+-------------------------------------------
     0 | D:1      | spaghetti the Ogre Fire Elementalist began the quest for
                  | the Orb.
     0 | D:1      | Reached XP level 1. HP: 16/16 MP: 3/3
     0 | D:1      | magus.rc [v1.9.6]
   239 | D:1      | Reached skill level 3 in Spellcasting
   305 | D:1      | Reached XP level 2. HP: 16/24 MP: 1/6
   312 | D:1      | You pick up a book of Sloth and begin reading...
   312 | D:1      | You add the spells Petrify, Metabolic Englaciation and
                  | Statue Form to your library.
   482 | D:1      | Found a faded altar of an unknown god.
  1210 | D:2      | Reached XP level 3. HP: 31/31 MP: 3/7
  1214 | D:2      | Learned a level 3 spell: Inner Flame
  1581 | D:2      | Reached skill level 1 in Transmutations
  1581 | D:2      | Reached skill level 1 in Earth Magic
  1715 | D:2      | Killed by an exploding hobgoblin... ignited by their inner
                  | flame

Vanquished Creatures
  An adder (D:2)
  2 worms (D:2)
  A dart slug (D:1)
  4 bats
  2 endoplasms
  A giant cockroach (D:1)
  2 goblins (D:1)
  4 hobgoblins
  4 ball pythons
  A frilled lizard (D:1)
  2 kobolds (D:2)
  4 rats
28 creatures vanquished.

Vanquished Creatures (others)
  97 foxfires
97 creatures vanquished.

Grand Total: 125 creatures vanquished

Table legend:
 A = Non-vault XP
 B = Vault XP
 C = Vault XP percentage of total XP
 D = Non-vault monster count
 E = Vault monster count
 F = Vault count percentage of total count
                 A         B        C        D         E       F
            +---------+---------+-------+---------+---------+-------
      Total |      66 |       0 |   0.0 |      28 |       0 |   0.0
            +---------+---------+-------+---------+---------+-------
        D:1 |      28 |       0 |   0.0 |      16 |       0 |   0.0
        D:2 |      38 |       0 |   0.0 |      12 |       0 |   0.0
            +---------+---------+-------+---------+---------+-------

Illustrated notes

Table legend:
 A = Kills in this place as a percentage of kills in entire the game.
 B = Kills by you in this place as a percentage of kills by you in the entire game.
 C = Kills by friends in this place as a percentage of kills by friends in the entire game.
 D = Other kills in this place as a percentage of other kills in the entire game.
 E = Experience gained in this place as a percentage of experience gained in the entire game.
 F = Experience gained in this place divided by the number of levels of this place that you have seen.
                   A       B       C       D       E      F
               +-------+-------+-------+-------+-------+----------------------
         Total | 100.0 | 100.0 |   N/A |   N/A | 100.0 |  33.0
       Dungeon | 100.0 | 100.0 |   N/A |   N/A | 100.0 |  33.0
               +-------+-------+-------+-------+-------+----------------------

Table legend: (Time is in decaauts)
 A = Elapsed time spent in this place.
 B = Non-inter-level travel time spent in this place.
 C = Inter-level travel time spent in this place.
 D = Time resting spent in this place.
 E = Time spent auto-exploring this place.
 F = Levels seen in this place.
 G = Mean time per level.
                   A        B        C        D        E       F      G
               +--------+--------+--------+--------+--------+-----+--------+
         Total |   1722 |   1710 |     12 |    112 |   1340 |   2 |  861.0 |
       Dungeon |   1722 |   1710 |     12 |    112 |   1340 |   2 |  861.0 |
               +--------+--------+--------+--------+--------+-----+--------+

Top non-repeatable levels by time:
     D:1: 1089 daAuts
     D:2: 633 daAuts
